 Dungeon Crawl Stone Soup version 0.23.0 (webtiles) character file.

Game seed: 727175556932222081

91 wolfsongas the Covered (level 4, 0/32 HPs)
             Began as a Gnoll Wanderer on Feb 17, 2019.
             Succumbed to an adder's poison
             ... on level 3 of the Dungeon.
             The game lasted 00:03:55 (1590 turns).

wolfsongas the Covered (Gnoll Wanderer)             Turns: 1590, Time: 00:03:56

Health: 0/32       AC: 11    Str: 16    XL:     4   Next: 59%
Magic:  8/8        EV:  5    Int: 14    God:
Gold:   47         SH: 10    Dex: 16    Spells: 8/9 levels left

rFire    . . .     SeeInvis .   k - +2 dagger (flame)
rCold    . . .     Gourm    .   a - +1 shield
rNeg     . . .     Faith    .   n - +0 chain mail
rPois    .         Spirit   .   (no helmet)
rElec    .         Reflect  .   (no cloak)
rCorr    .         Harm     .   m - +0 pair of gloves
MR       .....                  (no boots)
Stlth    ..........             d - amulet of magic regeneration
HPRegen  0.10/turn              b - +2 ring of dexterity
MPRegen  0.36/turn              (no ring)

@: lethally poisoned (0 -> -1), very slightly contaminated, hasted, quick
A: distributed training, fangs 1, strong nose
a: no special abilities


You were on level 3 of the Dungeon.
You were not hungry.

You visited 1 branch of the dungeon, and saw 3 of its levels.

You collected 47 gold pieces.

Inventory:

Hand Weapons
 k - a +2 dagger of flaming (weapon)
Armour
 a - a +1 shield (worn)
 m - a +0 pair of gloves (worn)
 n - a +0 chain mail (worn)
Jewellery
 b - a +2 ring of dexterity (left hand)
 d - an amulet of magic regeneration (around neck)
Potions
 e - a potion of agility
Comestibles
 f - 5 rations


   Skills:
 + Level 1.1 Fighting
 + Level 1.1 Short Blades
 + Level 1.1 Long Blades
 + Level 4.6 Axes
 + Level 1.1 Maces & Flails
 + Level 1.1 Polearms
 + Level 1.1 Staves
 + Level 1.1 Slings
 + Level 1.1 Bows
 + Level 1.1 Crossbows
 + Level 2.7 Throwing
 + Level 6.6 Armour
 + Level 1.1 Dodging
 + Level 1.1 Stealth
 + Level 2.7 Shields
 + Level 1.1 Unarmed Combat
 + Level 3.0 Spellcasting
 + Level 0.9 Conjurations
 + Level 0.9 Hexes
 + Level 0.9 Charms
 + Level 0.9 Summonings
 + Level 0.9 Necromancy
 + Level 0.9 Translocations
 + Level 2.2 Transmutations
 + Level 0.9 Fire Magic
 + Level 0.9 Ice Magic
 + Level 0.9 Air Magic
 + Level 0.9 Earth Magic
 + Level 2.2 Poison Magic
 + Level 1.2 Invocations
 + Level 1.1 Evocations


You had 8 spell levels left.
You knew the following spells:

 Your Spells              Type           Power        Failure   Level  Hunger
a - Summon Small Mammal   Summ           #...         100%        1    #......

Your spell library contained the following spells:

 Spells                   Type           Power        Failure   Level  Hunger
 Recall                   Summ/Tloc      N/A          100%        3    ###....


Dungeon Overview and Level Annotations

Branches:
Dungeon (3/15)

Altars:


Innate Abilities, Weirdness & Mutations

Your experience applies equally to all skills.
You have very sharp teeth.
Your uncanny sense of smell can sniff out nearby items.


Message History

The adder is moderately wounded.
* * * LOW HITPOINT WARNING * * *
You feel sick. You block the bat's attack. x2
The adder bites you but does no damage.
You hit the adder. You burn the adder.
The adder is severely wounded.
The bat hits you but does no damage. The dart slug closely misses you.
You hit the adder. You burn the adder.
You kill the adder!
The bat hits you but does no damage. You block the bat's attack.
You see here an adder corpse.
Unknown command.
Your unstable footing causes you to fumble your attack.
You block the bat's attack.
Your unstable footing causes you to fumble your attack.
The bat hits you but does no damage. You block the bat's attack.
You block the dart slug's attack.
Your unstable footing causes you to fumble your attack.
You die...

..≈≈≈≈≈≈≈≈≈≈≈≈≈≈≈≈≈
..≈≈≈≈.#≈%♣.#≈..≈≈≈.
...≈≈.....<.?...≈≈..
#≈#≈.$†≈♣†.#≈#)≈≈≈.
#≈≈≈≈†≈≈†≈≈≈≈!#≈≈≈.
##≈≈≈≈≈≈†≈≈≈#≈≈≈≈#
#.≈≈≈≈≈≈≈≈#≈≈≈≈.#
#...≈≈≈≈≈≈≈w≈≈≈≈≈#..
.....≈≈≈≈#≈b@≈≈≈....
.......≈≈≈≈≈≈≈......
.?....##≈≈.≈≈....##.
.....# ##......#....
... ........# ##. ..
#<###....$# ..
##..... # ##.####
#.#


You could see a dart slug and a bat.

Vanquished Creatures
  4 adders
  An ooze (D:2)
  8 dart slugs
  2 leopard geckos (D:2)
  4 giant cockroaches
  6 goblins
  3 hobgoblins
  2 ball pythons (D:2)
  4 bats
  A frilled lizard (D:2)
  3 kobolds (D:1)
  3 rats
41 creatures vanquished.

Vanquished Creatures (others)
  A dart slug (D:3)
  A hobgoblin (D:3)
  A frilled lizard (D:3)
3 creatures vanquished.

Grand Total: 44 creatures vanquished

Notes
Turn   | Place    | Note
-------+----------+-------------------------------------------
     0 | D:1      | wolfsongas the Gnoll Wanderer began the quest for the Orb.
     0 | D:1      | wolfsongas set off with the following items: a +0 shield, a
                  | +0 ring mail, a +0 club, a ration; and the following spell
                  | memorised: Summon Small Mammal; and the following spells
                  | available to memorise: Recall
     0 | D:1      | Reached XP level 1. HP: 13/13 MP: 4/4
   294 | D:1      | Reached XP level 2. HP: 4/19 MP: 5/5
  1172 | D:2      | Reached XP level 3. HP: 17/25 MP: 7/7
  1307 | D:2      | Reached skill level 1 in Invocations
  1433 | D:2      | Reached skill level 1 in Fighting
  1433 | D:2      | Reached skill level 1 in Short Blades
  1433 | D:2      | Reached skill level 1 in Long Blades
  1433 | D:2      | Reached skill level 1 in Maces & Flails
  1433 | D:2      | Reached skill level 1 in Polearms
  1433 | D:2      | Reached skill level 1 in Staves
  1433 | D:2      | Reached skill level 1 in Slings
  1433 | D:2      | Reached skill level 1 in Bows
  1433 | D:2      | Reached skill level 1 in Crossbows
  1433 | D:2      | Reached skill level 1 in Dodging
  1433 | D:2      | Reached skill level 1 in Stealth
  1433 | D:2      | Reached skill level 1 in Unarmed Combat
  1433 | D:2      | Reached skill level 1 in Evocations
  1526 | D:3      | Reached XP level 4. HP: 29/32 MP: 8/8
  1584 | D:3      | HP: 1/32 [poisoned by an adder]
  1590 | D:3      | Succumbed to an adder's poison

Skill      XL: |  1  2  3  4 |
---------------+-------------+-----
Transmutations | 2 |  2.2
Poison Magic   | 2 |  2.2
Invocations    | 1 |  1.2
Fighting       | 1 |  1.1
Short Blades   | 1 |  1.1
Long Blades    | 1 |  1.1
Maces & Flails | 1 |  1.1
Polearms       | 1 |  1.1
Staves         | 1 |  1.1
Slings         | 1 |  1.1
Bows           | 1 |  1.1
Crossbows      | 1 |  1.1
Dodging        | 1 |  1.1
Stealth        | 1 |  1.1
Unarmed Combat | 1 |  1.1
Evocations     | 1 |  1.1
Spellcasting   | 3 |  3.0
Axes           | |  4.6
Throwing       | |  2.7
Armour         | |  6.6
Shields        | |  2.7
Conjurations   | |  0.9
Hexes          | |  0.9
Charms         | |  0.9
Summonings     | |  0.9
Necromancy     | |  0.9
Translocations | |  0.9
Fire Magic     | |  0.9
Ice Magic      | |  0.9
Air Magic      | |  0.9
Earth Magic    | |  0.9

Action                   |  1- 3 |  4- 6 || total
-------------------------+-------+-------++-------
Melee: Club              |   121 |       ||   121
       Bite              |    13 |     9 ||    22
       Dagger            |    40 |    44 ||    84
  Use: Scroll            |     7 |       ||     7
       Potion            |       |     4 ||     4
 Stab: Invisible         |       |     3 ||     3
  Eat: Ration            |     1 |       ||     1
Armor: Ring mail         |    79 |       ||    79
       Chain mail        |     2 |    42 ||    44
Dodge: Dodged            |    68 |    24 ||    92
Block: Shield            |    95 |    37 ||   132
